 Dungeon Crawl Stone Soup version 0.24-a0-201-gf205589 (webtiles) character file.

Game seed: 14208638821703729903

88 tilp the Caller (level 4, -1/33 HPs)
             Began as a Hill Orc Summoner on Mar 22, 2019.
             Slain by a wyvern zombie (13 damage)
             ... on level 3 of the Dungeon.
             The game lasted 00:09:27 (2692 turns).

tilp the Caller (Hill Orc Summoner)                 Turns: 2692, Time: 00:09:29

Health: -1/33      AC:  3    Str: 10    XL:     4   Next: 53%
Magic:  2/6        EV: 12    Int: 16    God:
Gold:   95         SH:  0    Dex: 11    Spells: 0/6 levels left

rFire    . . .     SeeInvis .   q - +2 spear (venom)
rCold    . . .     Gourm    .   (no shield)
rNeg     . . .     Faith    .   d - +0 robe
rPois    .         Spirit   .   i - +0 helmet
rElec    .         Reflect  .   (no cloak)
rCorr    .         Harm     .   (no gloves)
MR       .....                  (no boots)
Stlth    ++........             (no amulet)
HPRegen  0.11/turn              (no ring)
MPRegen  0.10/turn              (no ring)

@: no status effects
A: no striking features
a: no special abilities


You were on level 3 of the Dungeon.
You were hungry.

You visited 1 branch of the dungeon, and saw 3 of its levels.

You collected 95 gold pieces.

Inventory:

Hand Weapons
 a - a +0 hand axe
 k - a +0 rapier
 q - a +2 spear of venom (weapon)
Missiles
 b - 46 stones (quivered)
 n - a throwing net
Armour
 d - a +0 robe (worn)
 i - a +0 helmet (worn)
Jewellery
 o - a +5 ring of dexterity {unknown}
Scrolls
 e - a scroll of fog {unknown}
 g - 2 scrolls of enchant armour {unknown}
 l - a scroll of identify {unknown}
 p - a scroll of teleportation {unknown}
Potions
 f - a potion of flight {unknown}
 h - 2 potions of agility {unknown}
 j - a potion of invisibility {unknown}
 m - a potion of brilliance {unknown}
Comestibles
 c - 3 rations
 r - 6 chunks of flesh


   Skills:
 - Level 1.5 Dodging
 - Level 1.5 Stealth
 - Level 1.5 Spellcasting
 + Level 5.8 Summonings


You couldn't memorise any spells.
You knew the following spells:

 Your Spells              Type           Power        Failure   Level  Hunger
a - Summon Small Mammal   Summ           ###.         1%          1    ##.....
b - Call Imp              Summ           ###.....     3%          2    ###....
c - Call Canine Familiar  Summ           ###.....     6%          3    ####...

Your spell library contained the following spells:

 Spells                   Type           Power        Failure   Level  Hunger
 Summon Guardian Golem    Hex/Summ       ##......     21%         3    ####...
 Summon Ice Beast         Ice/Summ       ##......     54%         4    #####..
 Summon Lightning Spire   Summ/Air       ##......     54%         4    #####..


Dungeon Overview and Level Annotations

Branches:
Dungeon (3/15)

Altars:


Message History

Aim: a wyvern zombie You reach to attack!
You hit the wyvern zombie.
The wyvern zombie is lightly damaged.
You hit the wyvern zombie but do no damage.
The wyvern zombie is lightly damaged.
The wyvern zombie barely misses you. The wyvern zombie bites you.
Your crimson imp hits the wyvern zombie but does no damage.
You hit the wyvern zombie.
The wyvern zombie is lightly damaged.
The orc hits your crimson imp but does no damage.
The wyvern zombie bites you!
Your crimson imp hits the orc.
You hit the wyvern zombie.
The wyvern zombie is moderately damaged.
The wyvern zombie barely misses you. The orc barely misses your crimson imp.
Your crimson imp hits the orc.
The wyvern zombie bites you.
You hit the wyvern zombie.
The wyvern zombie is moderately damaged.
The orc hits your crimson imp but does no damage.
The wyvern zombie bites you!
You die...

#........###.#.......#
#........# #...........
###........# #.........##
..........####..........
#...........#........##
##...........##..####.
#............##..#
#............##..###
#.......@..........#
#.......Z#.........#
#...####5#.........#
#...#...o#.........#
.####.).#....#...........
#.............#............
#######.#.....#######.##.#.
#####.#..o..# #.##.#
.......รท....#####.....


You could see 2 orcs, a wyvern zombie and a friendly crimson imp.

Vanquished Creatures
  An adder (D:2)
  A gnoll (D:2)
  2 dart slugs
  3 leopard geckos
  2 giant cockroaches
  3 goblins
  A hobgoblin (D:1)
  2 jackals (D:2)
  2 kobolds
  A quokka (D:2)
  6 bats
  4 frilled lizards
  A rat (D:2)
29 creatures vanquished.

Vanquished Creatures (collateral kills)
  An adder (D:2)
  3 gnolls (D:2)
  An ooze (D:1)
  A worm (D:2)
  A bat (D:2)
  2 goblins
  A hobgoblin (D:1)
  2 frilled lizards
  2 kobolds (D:1)
  5 rats
19 creatures vanquished.

Grand Total: 48 creatures vanquished

Notes
Turn   | Place    | Note
-------+----------+-------------------------------------------
     0 | D:1      | tilp the Hill Orc Summoner began the quest for the Orb.
     0 | D:1      | Reached XP level 1. HP: 14/14 MP: 3/3
   812 | D:1      | Reached XP level 2. HP: 20/20 MP: 1/4
  1096 | D:1      | Learned a level 2 spell: Call Imp
  1394 | D:2      | Reached XP level 3. HP: 26/26 MP: 1/5
  1412 | D:2      | Reached skill level 5 in Summonings
  2160 | D:2      | Reached XP level 4. HP: 15/33 MP: 2/6
  2593 | D:2      | Learned a level 3 spell: Call Canine Familiar
  2692 | D:3      | Slain by a wyvern zombie

Levels and vault maps discovered:
D:1:      wander_arrival_fairy_ring, layout_loops_ring
D:2:      layout_basic, uniq_sigmund
D:3:      layout_basic, eat_drink_and_be_merry_uskayaw, uniq_crazy_yiuf_cottage

Skill      XL: |  1  2  3 |
---------------+----------+-----
Summonings     | 5 |  5.8
Dodging        | |  1.5
Stealth        | |  1.5
Spellcasting   | |  1.5

Action                   |  1- 3 |  4- 6 || total
-------------------------+-------+-------++-------
Melee: Dagger            |    21 |       ||    21
       Unarmed           |     3 |       ||     3
       Hand axe          |    57 |       ||    57
       Rapier            |    16 |     2 ||    18
       Spear             |       |    21 ||    21
Throw: Stone             |     1 |     2 ||     3
 Cast: Summon Small Mamm |    24 |       ||    24
       Call Imp          |     9 |     7 ||    16
       Call Canine Famil |       |     1 ||     1
 Stab: Sleeping          |     2 |     1 ||     3
  Eat: Chunk             |     5 |     2 ||     7
Armor: Robe              |    37 |     7 ||    44
Dodge: Dodged            |    90 |     4 ||    94

Table legend:
 A = Non-vault XP
 B = Vault XP
 C = Vault XP percentage of total XP
 D = Non-vault monster count
 E = Vault monster count
 F = Vault count percentage of total count
                 A         B        C        D         E       F
            +---------+---------+-------+---------+---------+-------
      Total |     126 |       0 |   0.0 |      48 |       0 |   0.0
            +---------+---------+-------+---------+---------+-------
        D:1 |      28 |       0 |   0.0 |      18 |       0 |   0.0
        D:2 |      91 |       0 |   0.0 |      26 |       0 |   0.0
        D:3 |       7 |       0 |   0.0 |       4 |       0 |   0.0
            +---------+---------+-------+---------+---------+-------
